EL
CORPUS CHRISTI HOOKS @ ERIE SEAWOLVES
09/03/2044
 
TOP OF THE 1ST
Corpus Christi Hooks batting - Pitching for Erie SeaWolves : RHP Juan Cornejo
Pitching: RHP Juan Cornejo
Batting: RHB Paul Shell 0-0: Called Strike
0-1: Ball
1-1: Ball
2-1: Foul Ball, location: 2F
2-2: Ball
3-2: Strikes out swinging
Batting: RHB Antonio Gamez 0-0: Ball
1-0: Ball
2-0: Called Strike
2-1: Swinging Strike
2-2: Strikes out swinging
Batting: LHB Angelo Vasquez 0-0: Foul Ball, location: 2F
0-1: Called Strike
0-2: Ball
1-2: Ball
2-2: Ball
3-2: Strikes out looking
Top of the 1st over - 0 runs, 0 hits, 0 errors, 0 left on base; Corpus Christi 0 - Erie 0
BOTTOM OF THE 1ST
Erie SeaWolves batting - Pitching for Corpus Christi Hooks : RHP Mike Chisolm
Pitching: RHP Mike Chisolm
Batting: LHB Freddy Troncoso 0-0: Foul Ball, location: 2F
0-1: Ball
1-1: Foul Ball, location: 2F
1-2: Ball
2-2: Ball
3-2: Fly out, F6 (Popup, 6MS, EV 66.2 MPH)
Batting: LHB Takuya Uchida 0-0: Ball
1-0: Ball
2-0: Reached on error, E3 (Groundball, 34, EV 91.2 MPH)
Batting: RHB Dan Becvar 0-0: Ball
1-0: Foul Ball, location: 2F
1-1: Ball
2-1: SINGLE (Groundball, 25, EV 68.8 MPH) (infield hit)
Takuya Uchida to second
Batting: LHB Luis Dominguez 0-0: Foul Ball, location: 2F
0-1: Ball
1-1: Swinging Strike
1-2: Strikes out looking
Batting: RHB Jon Pierce 0-0: Fly out, F8 (Flyball, 8LXD, EV 88.1 MPH)
Bottom of the 1st over - 0 runs, 1 hit, 1 error, 2 left on base; Corpus Christi 0 - Erie 0
TOP OF THE 2ND
Corpus Christi Hooks batting - Pitching for Erie SeaWolves : RHP Juan Cornejo
Batting: LHB Alexis Montoya 0-0: Called Strike
0-1: Ball
1-1: Ball
2-1: Fly out, F7 (Flyball, 78M, EV 76.2 MPH)
Batting: SHB Malik Whitted 0-0: Called Strike
0-1: Called Strike
0-2: Ball
1-2: Ball
2-2: Ball
3-2: Foul Ball, location: 2F
3-2: Foul Ball, location: 2F
3-2: Base on Balls
Batting: RHB Jamie Jennings 0-0: Fly out, F8 (Flyball, 8LD, EV 100.6 MPH)
Batting: RHB Jim Huff 0-0: Ball
1-0: Ball
2-0: Swinging Strike
2-1: Swinging Strike
2-2: Ball
3-2: Strikes out swinging
Top of the 2nd over - 0 runs, 0 hits, 0 errors, 1 left on base; Corpus Christi 0 - Erie 0
BOTTOM OF THE 2ND
Erie SeaWolves batting - Pitching for Corpus Christi Hooks : RHP Mike Chisolm
Batting: RHB Yaremka Rzhevsky 0-0: Ball
1-0: Fly out, F6 (Popup, 4MS, EV 84.4 MPH)
Batting: RHB Miguel Nunez 0-0: Called Strike
0-1: Called Strike
0-2: Ball
1-2: Fly out, F2 (Popup, 23F, EV 84.4 MPH)
Batting: RHB Ken DiFerdinando 0-0: Ball
1-0: SINGLE (Line Drive, 8LM, EV 93.1 MPH)
Batting: SHB Mike Kirk 0-0: Called Strike
Ken DiFerdinando steals 2nd base (no throw)
0-1: Ground out 4-3 (Groundball, 4, EV 81.9 MPH)
Bottom of the 2nd over - 0 runs, 1 hit, 0 errors, 1 left on base; Corpus Christi 0 - Erie 0
TOP OF THE 3RD
Corpus Christi Hooks batting - Pitching for Erie SeaWolves : RHP Juan Cornejo
Batting: RHB Chris McGrath 0-0: Swinging Strike
0-1: Swinging Strike
0-2: Ball
1-2: Ball
2-2: Strikes out swinging
Batting: RHB Zach Shaughnessy 0-0: Foul Ball, location: 2F
0-1: Swinging Strike
0-2: Strikes out swinging
Batting: RHB Paul Shell 0-0: Ball
1-0: Called Strike
1-1: Foul Ball, location: 2F
1-2: Ball
2-2: SINGLE (Groundball, 25, EV 67.5 MPH) (infield hit)
Batting: RHB Antonio Gamez 0-0: Called Strike
Paul Shell steals 2nd base
0-1: Ball
1-1: Ball
2-1: Foul Ball, location: 2F
2-2: Foul Ball, location: 2F
2-2: Ball
3-2: Foul Ball, location: 2F
3-2: Strikes out swinging
Top of the 3rd over - 0 runs, 1 hit, 0 errors, 1 left on base; Corpus Christi 0 - Erie 0
BOTTOM OF THE 3RD
Erie SeaWolves batting - Pitching for Corpus Christi Hooks : RHP Mike Chisolm
Batting: LHB Freddy Troncoso 0-0: Called Strike
0-1: Ball
1-1: Fly out, F9 (Flyball, 9, EV 80.6 MPH)
Batting: LHB Takuya Uchida 0-0: Reached on error, E3 (Groundball, 34, EV 85.6 MPH)
Batting: RHB Dan Becvar 0-0: Called Strike
0-1: Ball
1-1: Swinging Strike
1-2: Ball
2-2: Fly out, F8 (Flyball, 89M, EV 85.6 MPH)
Batting: LHB Luis Dominguez 0-0: Fielders Choice at 2nd, 5-4 (Groundball, 5, EV 85.0 MPH)
Bottom of the 3rd over - 0 runs, 0 hits, 1 error, 1 left on base; Corpus Christi 0 - Erie 0
TOP OF THE 4TH
Corpus Christi Hooks batting - Pitching for Erie SeaWolves : RHP Juan Cornejo
Batting: LHB Angelo Vasquez 0-0: Swinging Strike
0-1: Ball
1-1: Ball
2-1: Foul Ball, location: 2F
2-2: Ball
3-2: Foul Ball, location: 2F
3-2: Ground out 4-3 (Groundball, 4, EV 105.6 MPH)
Batting: LHB Alexis Montoya 0-0: Fly out, F9 (Line Drive, 9, EV 88.8 MPH)
Batting: SHB Malik Whitted 0-0: Swinging Strike
0-1: Swinging Strike
0-2: Ball
1-2: Ball
2-2: Ball
3-2: Strikes out looking
Top of the 4th over - 0 runs, 0 hits, 0 errors, 0 left on base; Corpus Christi 0 - Erie 0
BOTTOM OF THE 4TH
Erie SeaWolves batting - Pitching for Corpus Christi Hooks : RHP Mike Chisolm
Batting: RHB Jon Pierce 0-0: Called Strike
0-1: Foul Ball, location: 2F
0-2: Ball
1-2: SINGLE (Groundball, 6MD, EV 103.1 MPH)
Batting: RHB Yaremka Rzhevsky 0-0: Ball
1-0: Fly out, F8 (Flyball, 8RM, EV 82.5 MPH)
Batting: RHB Miguel Nunez 0-0: Ball
1-0: Ball
2-0: Foul Ball, location: 2F
2-1: Fielders Choice at 2nd, 4-6 (Groundball, 4M, EV 91.2 MPH)
Batting: RHB Ken DiFerdinando 0-0: Ball
1-0: SINGLE (Groundball, 4MD, EV 101.2 MPH)
Miguel Nunez to second
Batting: SHB Mike Kirk 0-0: Called Strike
0-1: Called Strike
0-2: Ball
1-2: Foul Ball, location: 2F
1-2: Ball
2-2: Strikes out looking
Bottom of the 4th over - 0 runs, 2 hits, 0 errors, 2 left on base; Corpus Christi 0 - Erie 0
TOP OF THE 5TH
Corpus Christi Hooks batting - Pitching for Erie SeaWolves : RHP Juan Cornejo
Batting: RHB Jamie Jennings 0-0: Swinging Strike
0-1: Ball
1-1: Foul Ball, location: 2F
1-2: Foul Ball, location: 2F
1-2: Hit by Pitch
Batting: RHB Jim Huff 0-0: Ball
1-0: Called Strike
1-1: Foul Ball, location: 2F
1-2: Strikes out swinging
Batting: RHB Chris McGrath 0-0: Called Strike
0-1: Swinging Strike
0-2: Strikes out swinging
Batting: RHB Zach Shaughnessy 0-0: Foul Ball, location: 2F
0-1: Ball
1-1: SINGLE (Line Drive, 6D, EV 97.5 MPH)
Jamie Jennings to second
Batting: RHB Paul Shell 0-0: Ball
1-0: Foul Ball, location: 2F
1-1: Ball
2-1: Ball
3-1: Base on Balls
Jamie Jennings to third
Zach Shaughnessy to second
Pitching: RHP Justin Packard
Batting: RHB Antonio Gamez 0-0: Called Strike
0-1: Called Strike
0-2: Fly out, F7 (Flyball, 7LS, EV 88.8 MPH)
Top of the 5th over - 0 runs, 1 hit, 0 errors, 3 left on base; Corpus Christi 0 - Erie 0
BOTTOM OF THE 5TH
Erie SeaWolves batting - Pitching for Corpus Christi Hooks : RHP Mike Chisolm
Batting: LHB Freddy Troncoso 0-0: Called Strike
0-1: Swinging Strike
0-2: Ball
1-2: Ball
2-2: Foul Ball, location: 2F
2-2: Strikes out swinging
Batting: LHB Takuya Uchida 0-0: Called Strike
0-1: Ball
1-1: Swinging Strike
1-2: Foul Ball, location: 2F
1-2: Foul Ball, location: 2F
1-2: Ball
2-2: Foul Ball, location: 2F
2-2: Ball
3-2: Base on Balls
Batting: RHB Dan Becvar 0-0: Foul Ball, location: 2F
0-1: Ball
1-1: Fielders Choice at 2nd, 6-4 (Groundball, 6, EV 102.5 MPH)
Batting: LHB Luis Dominguez 0-0: Called Strike
0-1: Swinging Strike
0-2: Ball
1-2: Ball
2-2: Strikes out swinging
Bottom of the 5th over - 0 runs, 0 hits, 0 errors, 1 left on base; Corpus Christi 0 - Erie 0
TOP OF THE 6TH
Corpus Christi Hooks batting - Pitching for Erie SeaWolves : RHP Justin Packard
Batting: LHB Angelo Vasquez 0-0: Foul Ball, location: 2F
0-1: Ball
1-1: Ball
2-1: Foul Ball, location: 2F
2-2: Foul Ball, location: 2F
2-2: Fly out, F3 (Line Drive, 3, EV 68.1 MPH)
Batting: LHB Alexis Montoya 0-0: Called Strike
0-1: Ground out 6-3 (Groundball, 6, EV 81.9 MPH)
Batting: SHB Malik Whitted 0-0: Called Strike
0-1: Ball
1-1: Swinging Strike
1-2: Strikes out swinging
Top of the 6th over - 0 runs, 0 hits, 0 errors, 0 left on base; Corpus Christi 0 - Erie 0
BOTTOM OF THE 6TH
Erie SeaWolves batting - Pitching for Corpus Christi Hooks : RHP Mike Chisolm
Batting: RHB Jon Pierce 0-0: Called Strike
0-1: Called Strike
0-2: Ball
1-2: Foul Ball, location: 2F
1-2: Strikes out swinging
Batting: RHB Yaremka Rzhevsky 0-0: Ball
1-0: Ball
2-0: Ball
3-0: Called Strike
3-1: Fly out, F9 (Flyball, 9, EV 96.9 MPH)
Batting: RHB Miguel Nunez 0-0: Fly out, F7 (Flyball, 7LM, EV 94.4 MPH)
Bottom of the 6th over - 0 runs, 0 hits, 0 errors, 0 left on base; Corpus Christi 0 - Erie 0
TOP OF THE 7TH
Corpus Christi Hooks batting - Pitching for Erie SeaWolves : RHP Justin Packard
Batting: RHB Jamie Jennings 0-0: Called Strike
0-1: Swinging Strike
0-2: Strikes out swinging
Batting: RHB Jim Huff 0-0: Called Strike
0-1: Ball
1-1: Ball
2-1: Called Strike
2-2: Foul Ball, location: 2F
2-2: Foul Ball, location: 2F
2-2: Ball
3-2: Fly out, F8 (Line Drive, 8RM, EV 100.6 MPH)
Batting: RHB Chris McGrath 0-0: Called Strike
0-1: Called Strike
0-2: Foul Ball, location: 2F
0-2: Strikes out looking
Top of the 7th over - 0 runs, 0 hits, 0 errors, 0 left on base; Corpus Christi 0 - Erie 0
BOTTOM OF THE 7TH
Erie SeaWolves batting - Pitching for Corpus Christi Hooks : RHP Mike Chisolm
Batting: RHB Ken DiFerdinando 0-0: Foul Ball, location: 2F
0-1: Fly out, F4 (Popup, 4, EV 61.2 MPH)
Batting: SHB Mike Kirk 0-0: Called Strike
0-1: Swinging Strike
0-2: Foul Ball, location: 2F
0-2: Ball
1-2: Ball
2-2: Foul Ball, location: 2F
2-2: Foul Ball, location: 2F
2-2: SINGLE (Line Drive, 8RM, EV 86.9 MPH)
Batting: LHB Freddy Troncoso 0-0: Ball
1-0: Ball
2-0: Called Strike
2-1: Foul Ball, location: 2F
2-2: Foul Ball, location: 2F
2-2: SINGLE (Line Drive, 9S, EV 89.4 MPH)
Mike Kirk to second
Runner from 2nd tries for 3rd, SAFE, throw by RF made to third
Pitching: LHP Aaron Gilmore
Pinch Hitting: RHB Jordan Mejias 0-0: Called Strike
Pickoff Throw to First - Error! E1
Mike Kirk scores
Freddy Troncoso to second
0-1: Ball
1-1: Foul Ball, location: 2F
1-2: Ground out 5-3 (Groundball, 56, EV 88.1 MPH)
Batting: RHB Dan Becvar 0-0: Ball
1-0: Called Strike
1-1: Called Strike
1-2: Ball
2-2: Ball
3-2: Foul Ball, location: 2F
3-2: Fly out, F9 (Flyball, 89XD, EV 88.1 MPH)
Bottom of the 7th over - 1 run, 2 hits, 1 error, 1 left on base; Corpus Christi 0 - Erie 1
TOP OF THE 8TH
Corpus Christi Hooks batting - Pitching for Erie SeaWolves : RHP Justin Packard
Pitching: LHP Travis Sergo
Now at 1B: Jordan Mejias
Batting: RHB Zach Shaughnessy 0-0: Called Strike
0-1: Ball
1-1: Fly out, F9 (Line Drive, 9, EV 94.4 MPH)
Batting: RHB Paul Shell 0-0: Ball
1-0: Ball
2-0: Ball
3-0: Called Strike
3-1: Swinging Strike
3-2: Foul Ball, location: 2F
3-2: Base on Balls
Batting: RHB Antonio Gamez 0-0: Foul Ball, location: 2F
0-1: Ball
1-1: Ball
2-1: Ball
3-1: Ground out 6-3 (Groundball, 6S, EV 61.2 MPH)
Paul Shell to second
Batting: LHB Angelo Vasquez 0-0: Foul Ball, location: 2F
0-1: Swinging Strike
0-2: Strikes out looking
Top of the 8th over - 0 runs, 0 hits, 0 errors, 1 left on base; Corpus Christi 0 - Erie 1
BOTTOM OF THE 8TH
Erie SeaWolves batting - Pitching for Corpus Christi Hooks : LHP Aaron Gilmore
Batting: LHB Luis Dominguez 0-0: Ball
1-0: Called Strike
1-1: Called Strike
1-2: Strikes out looking
Batting: RHB Jon Pierce 0-0: Ball
1-0: Called Strike
1-1: Foul Ball, location: 2F
1-2: Strikes out swinging
Batting: RHB Yaremka Rzhevsky 0-0: Ball
1-0: Called Strike
1-1: Called Strike
1-2: Strikes out swinging
Bottom of the 8th over - 0 runs, 0 hits, 0 errors, 0 left on base; Corpus Christi 0 - Erie 1
TOP OF THE 9TH
Corpus Christi Hooks batting - Pitching for Erie SeaWolves : LHP Travis Sergo
Pitching: RHP Stacey Kerssies
Batting: LHB Alexis Montoya 0-0: Called Strike
0-1: Ball
1-1: Called Strike
1-2: Ball
2-2: Foul Ball, location: 2F
2-2: Strikes out swinging
Batting: SHB Malik Whitted 0-0: Foul Ball, location: 2F
0-1: Foul Ball, location: 2F
0-2: Ball
1-2: Strikes out swinging
Batting: RHB Jamie Jennings 0-0: Called Strike
0-1: Ball
1-1: Ball
2-1: Called Strike
2-2: Strikes out swinging
Top of the 9th over - 0 runs, 0 hits, 0 errors, 0 left on base; Corpus Christi 0 - Erie 1
Thursday, March 31st , 2022 - OOTP Baseball 22.12 Build 89